 Dungeon Crawl Stone Soup version 0.30.0-16-gbe6223bb7e (webtiles) character file.

Game seed: 11981132195213428219

182 LobsterGuardian the Chiller (level 5, 0/42 HPs)
             Began as a Naga Ice Elementalist on May 20, 2023.
             Was a High Priest of Uskayaw.
             Slain by a necrophage (2 damage)
             ... in a sewer.
             The game lasted 00:09:57 (2289 turns).

LobsterGuardian the Chiller (Naga Ice Elementalist) Turns: 2289, Time: 00:09:57

Health: 0/42       AC:  9    Str: 13    XL:     5   Next: 61%
Magic:  1/8        EV:  9    Int: 21    God:    Uskayaw [*****.]
Gold:   128        SH:  3    Dex: 11    Spells: 1/8 levels left

rFire   . . .        d - +1 trident
rCold   . . .        c - +0 buckler
rNeg    . . .        a - +0 robe
rPois   +            (no helmet)
rElec   .            (no cloak)
rCorr   .            (no gloves)
SInv    +            (no barding)
Will    .....        (no amulet)
Stlth   ++           j - +6 ring of intelligence
HPRegen 0.27/turn    m - ring of wizardry
MPRegen 0.11/turn

%: wizardry (x1)
@: ice-armoured, freezing walls, very slow
A: AC +1, large, see invisible, deformed body, poison resistance, slowness 2,
spit poison 1, naga tail 1
a: Spit Poison, Renounce Religion, Stomp, Line Pass, Grand Finale


You were in a sewer.
You worshipped Uskayaw.
Uskayaw was noncommittal.
You visited 1 branch of the dungeon, and saw 3 of its levels.
You also visited: Sewer.

You collected 128 gold pieces.

Inventory:

Hand Weapons
 d - a +1 trident (weapon)
Armour
 a - a +0 robe (worn)
 c - a +0 buckler (worn)
Jewellery
 h - a ring of resist corrosion
 j - a +6 ring of intelligence (left hand)
 k - a +6 ring of dexterity
 m - a ring of wizardry (right hand)
Scrolls
 e - 2 scrolls of teleportation
 g - a scroll of fog
 i - a scroll of magic mapping {unknown}
 q - a scroll of vulnerability {unknown}
 r - a scroll of identify
Potions
 b - 3 potions of magic
 f - a potion of attraction
 l - a potion of cancellation
 n - 3 potions of lignification
 p - a potion of degeneration


   Skills:
 + Level 1.0 Polearms
 - Level 1.5 Dodging
 - Level 3.0 Stealth
 + Level 0.1 Shields
 - Level 2.0 Spellcasting
 * Level 6.5 Ice Magic


You had one spell level left.
You knew the following spells:

 Your Spells              Type           Power      Damage    Failure   Level
a - Freeze                Ice            100%       1d10      1%          1
b - Frozen Ramparts       Ice            58%        1d9       1%          3
c - Ozocubu's Armour      Ice            29%        N/A       1%          3

Your spell library contained the following spells:

 Spells                   Type           Power      Damage    Failure   Level
 Summon Ice Beast         Ice/Summ       15%        N/A       21%         4
 Portal Projectile        Hex/Tloc       4%         N/A       24%         3
 Tukima's Dance           Hex            2%         N/A       24%         3
 Blade Hands              Tmut           1%         N/A       89%         5


Dungeon Overview and Level Annotations

Branches:
Dungeon (3/15)              Sewer (1/1)

Altars:
Uskayaw

Shops:
D:1 !


Innate Abilities, Weirdness & Mutations

Your serpentine skin is tough. (AC +1)
You have supernaturally acute eyesight. (SInv)
Armour fits poorly on your strangely shaped body.
Your system is resistant to poisons. (rPois)
You cover ground very slowly.
You can spit poison.
You have a snake-like lower body.


Message History

The wall freezes the wight but does no damage.
The wall freezes the kobold brigand but does no damage.
You block the kobold brigand's attack.
You hit the kobold brigand.
The kobold brigand is severely wounded.
The wall freezes the ufetubus but does no damage.
You block the ufetubus's attack. The ufetubus barely misses you.
The necrophage resists.
The wall freezes the necrophage.
The wall freezes the ufetubus but does no damage.
The ufetubus barely misses you. x2; The wall freezes the kobold brigand.
The kobold brigand misses you.
The wight completely resists.
The wall freezes the wight but does no damage.
The wight hits you with a +0 mace!
* * * LOW HITPOINT WARNING * * *
You feel drained.
* * * LOW HITPOINT WARNING * * *
The necrophage resists.
The wall freezes the necrophage.
Unknown command.
Unknown command.
You feel better.
The ufetubus resists.
The wall freezes the ufetubus.
You kill the ufetubus!
The wall freezes the ufetubus but does no damage.
The wall freezes the kobold brigand.
The kobold brigand hits you with a +0 whip.
The ufetubus resists.
The wall freezes the ufetubus.
The wight resists.
The wall freezes the wight.
The wight hits you with a +0 mace!
* * * LOW HITPOINT WARNING * * *
Your life force feels restored.
Your Polearms skill increases to level 1!
Okay, then.
As you read the scroll of identify, it crumbles to dust.
e - 2 scrolls of teleportation The ufetubus resists.
The wall freezes the ufetubus.
The wall freezes the kobold brigand but does no damage.
The kobold brigand hits you with a +0 whip.
* * * LOW HITPOINT WARNING * * *
The necrophage completely resists.
The wall freezes the necrophage but does no damage.
The necrophage hits you.
You die...

..'. ⌠.'. ...' )..
).#
#############Z####
#≈≈≈#≈≈~≈≈≈#K..#≈≈≈
#≈~~≈.~.~≈≈@n5..~~~
#..)...#z..#...
#'#######≈#######+#
#......#~≈≈#......#
#~~~~..#≈≈≈#..~..~#
#~≈~≈~...≈...≈≈≈≈~#
#≈≈≈~~~#...#≈≈~≈≈≈#
#≈≈≈≈≈≈≈...#≈≈≈≈≈≈#
#≈≈≈≈≈~#...#≈≈≈≈≈≈#


You could see a kobold brigand, a necrophage, a wight, an ufetubus and a kobold
zombie.

Vanquished Creatures
  An orc wizard (D:3)
  4 adders
  A shadow imp (Sewer)
  3 ufetubi (Sewer)
  3 worms (D:3)
  A dart slug (D:2)
  6 orcs (D:3)
  10 ball pythons
  7 bats
  7 endoplasms
  2 giant cockroaches
  2 goblins
  5 hobgoblins
  6 quokkas
  2 frilled lizards (D:3)
  15 kobolds
  A kobold zombie (Sewer)
  6 rats
82 creatures vanquished.

Notes
Turn   | Place    | Note
-------+----------+-------------------------------------------
     0 | D:1      | LobsterGuardian the Naga Ice Elementalist began the quest
                  | for the Orb.
     0 | D:1      | Reached XP level 1. HP: 15/15 MP: 3/3
   271 | D:1      | Reached XP level 2. HP: 22/22 MP: 3/5
   662 | D:1      | Reached XP level 3. HP: 28/28 MP: 4/6
   666 | D:1      | Learned a level 3 spell: Frozen Ramparts
   770 | D:1      | Reached skill level 5 in Ice Magic
   881 | D:1      | Found Wuisosi's Distillery.
  1225 | D:2      | Reached XP level 4. HP: 29/36 MP: 2/7
  1229 | D:2      | Learned a level 3 spell: Ozocubu's Armour
  1888 | D:3      | Found a faded altar of an unknown god.
  1896 | D:3      | Prayed at the altar of an unknown god.
  1896 | D:3      | Became a worshipper of Uskayaw the Reveller
  1896 | D:3      | Reached * piety under Uskayaw
  1925 | D:3      | Found a glowing drain.
  1927 | D:3      | Reached ** piety under Uskayaw
  1939 | D:3      | Reached skill level 6 in Ice Magic
  1940 | D:3      | Reached *** piety under Uskayaw
  1947 | D:3      | Reached **** piety under Uskayaw
  1952 | D:3      | Reached XP level 5. HP: 15/42 MP: 0/8
  1958 | Sewer    | Entered a sewer
  2276 | Sewer    | Identified the +1 robe of the Monkey's Uncle {Will++}
  2276 | Sewer    | Noticed a kobold brigand
  2285 | Sewer    | Reached ***** piety under Uskayaw
  2289 | Sewer    | Reached skill level 1 in Polearms
  2289 | Sewer    | HP: 2/42 [kobold brigand/+0 whip (4)]
  2289 | Sewer    | Slain by a necrophage

Illustrated notes

Levels and vault maps discovered:
D:1:      lemuel_arrival_broad_hall, layout_loops_ring, serial_shops, shop,
          serial_aquarium, aquarium_bridge_long_separate
          [aquarium_subvault_bridge, aquarium_subvault_bridge,
          aquarium_subvault_wall, aquarium_subvault_window,
          aquarium_subvault_bridge, aquarium_subvault_wall],
          aquarium_bridge_island_small [aquarium_subvault_small_open,
          aquarium_subvault_bridge, aquarium_subvault_wall,
          aquarium_subvault_bridge, aquarium_subvault_window],
          aquarium_window_3, aquarium_window_double, aquarium_window_corner,
          aquarium_window_2, aquarium_view_2g, aquarium_view_2e,
          aquarium_balcony_3b, chequers_mini_garden, minmay_misc_feat_tower,
          minmay_pentomino_z2
D:2:      layout_rooms
D:3:      layout_loops_ring, ebering_ecumenical_altar_box,
          cheibrodos_sewer_entry_drain, nrook_mini_vaults
Sewer:    kennysheep_sewer_church

Skill      XL: |  1  2  3  4  5 |
---------------+----------------+-----
Ice Magic      | 5 6 |  6.5
Polearms       | 1 |  1.0
Dodging        | |  1.5
Stealth        | |  3.0
Shields        | |  0.1
Spellcasting   | |  2.0

Action                     |  1- 3 |  4- 6 || total
---------------------------+-------+-------++-------
  Melee: Trident           |    18 |    46 ||    64
   Cast: Freeze            |    27 |    20 ||    47
         Frozen Ramparts   |       |     4 ||     4
         Ozocubu's Armour  |       |     2 ||     2
 Invoke: Stomp             |       |     1 ||     1
Ability: Spit Poison       |    15 |    23 ||    38
    Use: Scroll            |     2 |     4 ||     6
         Potion            |       |     3 ||     3
   Stab: Sleeping          |     7 |     2 ||     9
         Paralysed         |       |     2 ||     2
 Armour: Robe              |     3 |    21 ||    24
  Dodge: Dodged            |    10 |    35 ||    45
  Block: Buckler           |     4 |    10 ||    14
